 Dungeon Crawl Stone Soup version 0.30-a0-800-g7c544603b3 (webtiles) character file.

Game seed: 4989712829150353820

574 cheesebisquit the Cleaver (level 7, -1/56 (59) HPs)
             Began as a Hill Orc Fighter on Feb 22, 2023.
             Was an Initiate of Yredelemnul.
             Slain by a wight
             ... wielding a +0 morningstar
              (5 damage)
             ... on level 4 of the Dungeon.
             The game lasted 00:08:31 (2885 turns).

cheesebisquit the Cleaver (Hill Orc Fighter)        Turns: 2885, Time: 00:08:31

HP:   -1/56 (59)    AC: 12    Str: 21    XL:     7   Next: 34%
MP:   8/8           EV:  9    Int: 14    God:    Yredelemnul [......]
Gold: 196           SH:  4    Dex: 10    Spells: 6/6 levels left

rFire   . . .      SeeInvis .    a - +0 war axe
rCold   . . .      Faith    .    c - +0 buckler
rNeg    . . .      Spirit   .    b - +0 scale mail
rPois   .          Reflect  .    s - +0 helmet
rElec   .          Harm     .    (no cloak)
rCorr   .          Rampage  .    (no gloves)
Will    .....                    (no boots) Stlth
                                 (no amulet)
HPRegen 0.29/turn                g - +6 ring of intelligence
MPRegen 0.11/turn                i - +4 ring of protection

@: drained
A: no striking features
a: Renounce Religion, Recall Undead Harvest


You were on level 4 of the Dungeon.
You worshipped Yredelemnul.
Yredelemnul was noncommittal.
You visited 1 branch of the dungeon, and saw 4 of its levels.

You collected 196 gold pieces.

Inventory:

Hand Weapons
 a - a +0 war axe (weapon)
Missiles
 y - 17 poisoned darts (quivered)
Armour
 b - a +0 scale mail (worn)
 c - a +0 buckler (worn)
 s - a +0 helmet (worn)
Jewellery
 g - a +6 ring of intelligence (left hand)
 i - a +4 ring of protection (right hand)
Wands
 q - a wand of polymorph (5)
Scrolls
 f - 2 scrolls of fear {unknown}
 j - a scroll of immolation {unknown}
 k - 3 scrolls of identify {unknown}
 l - a scroll of torment {unknown}
 m - a scroll of teleportation {unknown}
 p - a scroll of poison {unknown}
 r - a scroll of brand weapon {unknown}
 x - a scroll of fog {unknown}
Potions
 d - a potion of might
 e - a potion of lignification {unknown}
 h - a potion of invisibility {unknown}
 n - a potion of resistance {unknown}
 o - 2 potions of flight {unknown}
 t - 2 potions of brilliance {unknown}
 u - 2 potions of attraction {unknown}
 v - 2 potions of curing {unknown}
 w - a potion of berserk rage {unknown}
 z - a potion of cancellation {unknown}


   Skills:
 + Level 4.1 Fighting
 * Level 9.4 Axes
 + Level 3.7 Armour
 + Level 3.6 Shields
 + Level 2.2 Invocations


You had 6 spell levels left.
You didn't know any spells.
Your spell library contained the following spells:

 Spells                   Type           Power      Damage    Failure   Level
 Summon Small Mammal      Summ           0%         N/A       71%         1
 Call Canine Familiar     Summ           0%         N/A       97%         3
 Summon Guardian Golem    Hex/Summ       0%         N/A       97%         3


Dungeon Overview and Level Annotations

Branches:
Dungeon (4/15)
 Temple: D:4-7

Altars:
Cheibriados
Gozag
Yredelemnul


Message History

You slash the wight!
You destroy the wight!
Your life force feels restored.
Your Fighting skill increases to level 4!
Your Invocations skill increases to level 2!
You closely miss the wight. You barely miss the wight.
The wight hits you with a +3 great sword!
You feel drained.
The wight hits you with a +0 morningstar!
You slash the wight!
The wight is severely damaged.
You hit the wight but do no damage. The wight hits you but does no damage.
The wight barely misses you. The wight closely misses you.
The wight hits you with a +3 great sword.
You feel drained.
You slash the wight!
You destroy the wight!
You hit the wight but do no damage.
The wight hits you with a +0 morningstar.
You feel drained.
You hit the wight.
The wight is lightly damaged.
The wight closely misses you.
You slash the wight!
The wight is almost destroyed.
The wight hits you with a +0 morningstar.
* * * LOW HITPOINT WARNING * * *
You feel drained.
You completely miss the wight.
The wight is almost destroyed.
The wight hits you but does no damage.
You hit the wight but do no damage.
The wight is almost destroyed.
The wight hits you with a +0 morningstar!
* * * LOW HITPOINT WARNING * * *
You closely miss the wight.
The wight is almost destroyed.
The wight hits you with a +0 morningstar.
You die...
Your body rises from the dead as a mindless zombie.

####.z...<##Z#.#.#
##.######.#.#.# #.##
###.#.#.#
####..###.......# ####
#......##.......# ...
#......##.......#..#
#...............#..#
#......#)z.........#
#......##@.>)|).######
#......##...)........!
#......##......######.#
#.......########.....#.#
#.####### #.###.#.# ..
#.# #.#.# #.# #.#.# ..#
#.#.# ### #.#.#


You could see a wight.

Vanquished Creatures
  2 kobold brigands (D:3)
  A necrophage (D:4)
  3 wights (D:4)
  An orc priest (D:4)
  Jessica (D:2)
  An orc wizard (D:4)
  Robin (D:2)
  4 adders
  2 worms
  3 dart slugs
  3 orcs (D:4)
  4 ball pythons
  5 endoplasms
  2 giant cockroaches (D:1)
  13 goblins
  10 hobgoblins
  2 jackals (D:2)
  9 kobolds
  3 quokkas
  2 bats
  3 frilled lizards
  8 rats
83 creatures vanquished.

Vanquished Creatures (others)
  A kobold zombie (D:4)
  3 orc zombies (D:4)
4 creatures vanquished.

Grand Total: 87 creatures vanquished

Notes
Turn   | Place    | Note
-------+----------+-------------------------------------------
     0 | D:1      | cheesebisquit the Hill Orc Fighter began the quest for the
                  | Orb.
     0 | D:1      | Reached XP level 1. HP: 19/19 MP: 1/1
    52 | D:1      | Reached skill level 3 in Axes
   166 | D:1      | Reached XP level 2. HP: 26/26 MP: 2/2
   286 | D:1      | Reached skill level 4 in Axes
   804 | D:2      | Noticed Robin
   825 | D:2      | Reached XP level 3. HP: 31/31 MP: 3/3
   981 | D:2      | Noticed Jessica
  1000 | D:2      | Killed Jessica
  1001 | D:2      | Reached skill level 5 in Axes
  1001 | D:2      | Reached XP level 4. HP: 39/39 MP: 4/4
  1102 | D:2      | Reached skill level 6 in Axes
  1123 | D:2      | Killed Robin
  1542 | D:3      | Found an opulent altar of Gozag.
  1617 | D:3      | Reached XP level 5. HP: 45/45 MP: 5/5
  1794 | D:3      | Noticed a kobold brigand
  1898 | D:3      | Killed a kobold brigand
  1899 | D:3      | Reached skill level 7 in Axes
  1900 | D:3      | Noticed a kobold brigand
  1921 | D:3      | Killed a kobold brigand
  1922 | D:3      | Reached skill level 8 in Axes
  1922 | D:3      | Reached XP level 6. HP: 35/51 MP: 6/6
  2131 | D:3      | Found a snail-covered altar of Cheibriados.
  2131 | D:3      | Found a basalt altar of Yredelemnul.
  2303 | D:3      | Became a worshipper of Yredelemnul the Dark
  2424 | D:4      | Reached skill level 1 in Invocations
  2489 | D:4      | Reached skill level 9 in Axes
  2492 | D:4      | HP: 1/52 [orc priest/divine providence (12)]
  2716 | D:4      | Reached XP level 7. HP: 21/58 MP: 8/8
  2885 | D:4      | Slain by a wight

Illustrated notes

Levels and vault maps discovered:
D:1:      lightli_arrival_statue_moat, layout_basic, minmay_misc_feat_tiny,
          amcnicky_mini_rare_corridor_liquid
D:2:      layout_rooms, uniq_jessica, uniq_robin
D:3:      cheibrodos_thug_alley, layout_loops_ring,
          mainiacjoe_overflow_six_doors_small, gammafunk_temple_overflow_wave
D:4:      layout_basic, kennysheep_mini, minmay_temple_entry_antechambers,
          lightli_minifort

Skill      XL: |  1  2  3  4  5  6  7 |
---------------+----------------------+-----
Axes           | 3 4 5 6 8 9 |  9.4
Invocations    | 1 2 |  2.2
Fighting       | 4 |  4.1
Armour         | |  3.7
Shields        | |  3.6

Action                     |  1- 3 |  4- 6 |  7- 9 || total
---------------------------+-------+-------+-------++-------
  Melee: War axe           |    72 |   129 |    21 ||   222
         Unarmed           |     5 |     3 |       ||     8
 Armour: Scale mail        |    28 |    78 |     5 ||   111
         Skin              |     9 |       |       ||     9
  Dodge: Dodged            |    75 |    59 |     5 ||   139
  Block: Buckler           |    17 |    29 |     5 ||    51

Table legend: (Time is in decaauts)
 A = Elapsed time spent in this place.
 B = Non-inter-level travel time spent in this place.
 C = Inter-level travel time spent in this place.
 D = Time resting spent in this place.
 E = Time spent auto-exploring this place.
 F = Levels seen in this place.
 G = Mean time per level.
                   A        B        C        D        E       F      G
               +--------+--------+--------+--------+--------+-----+--------+
         Total |   2938 |   2726 |    212 |    159 |   1967 |   4 |  734.5 |
       Dungeon |   2938 |   2726 |    212 |    159 |   1967 |   4 |  734.5 |
               +--------+--------+--------+--------+--------+-----+--------+

Top non-repeatable levels by time:
     D:3: 1143 daAuts
     D:1: 824 daAuts
     D:2: 594 daAuts
     D:4: 376 daAuts
